 Dungeon Crawl Stone Soup version 0.29.1-1-gd02db6906a (webtiles) character file.

Game seed: 10154316794947620108

4440 Ashen the Chiller (level 10, -7/76 HPs)
             Began as a Demonspawn Ice Elementalist on Oct 20, 2022.
             Was a Believer of Vehumet.
             Mangled by a vault guard
             ... wielding a +0 broad axe
              (18 damage)
             ... in a bailey.
             The game lasted 00:35:49 (9456 turns).

Ashen the Chiller (Demonspawn Ice Elementalist)     Turns: 9456, Time: 00:35:49

Health: -7/76      AC:  7    Str:  8    XL:     10   Next: 14%
Magic:  19/19      EV: 14    Int: 27    God:    Vehumet [**....]
Gold:   187        SH:  0    Dex: 14    Spells: 10/21 levels left

rFire   . . .      SeeInvis .   l - +2 rapier (venom)
rCold   . . .      Faith    .   (no shield)
rNeg    . . .      Spirit   .   r - +2 animal skin
rPois   +          Reflect  .   (helmet restricted)
rElec   .          Harm     .   E - +0 cloak
rCorr   .          Rampage  .   t - +1 pair of gloves
Will    .....                   (no boots)
Stlth   +++.......              C - amulet of magic regeneration
HPRegen 0.22/turn               f - ring of flight
MPRegen 0.56/turn               o - ring of poison resistance

@: weak-willed, flying
A: antennae 2, powered by death 1, big brain 3
a: Renounce Religion


You were in a bailey.
You worshipped Vehumet.
Vehumet was pleased with you.
You visited 2 branches of the dungeon, and saw 8 of its levels.
You also visited: Bailey.

You collected 487 gold pieces.
You spent 300 gold pieces at shops.

Inventory:

Hand Weapons
 l - a +2 rapier of venom (weapon)
 x - a +3 flail of freezing
 D - a +0 whip of electrocution
Missiles
 k - 4 javelins
 B - 2 silver javelins
Armour
 j - an orb of energy
 r - a +2 animal skin (worn)
 t - a +1 pair of gloves (worn)
 E - a +0 cloak (worn)
Jewellery
 f - a ring of flight (left hand)
 o - a ring of poison resistance (right hand)
 u - an amulet of reflection
 C - an amulet of magic regeneration (around neck)
Wands
 w - a wand of paralysis (13)
 y - a wand of acid (3)
Scrolls
 e - 2 scrolls of poison
 h - 2 scrolls of enchant armour
 i - 2 scrolls of enchant weapon
 F - a scroll of teleportation
Potions
 a - a potion of flight
 b - a potion of magic
 c - 2 potions of mutation
 g - 2 potions of ambrosia
 m - 4 potions of curing
 p - 2 potions of attraction
 q - 3 potions of heal wounds {unknown}
 v - a potion of cancellation {unknown}
 z - a potion of brilliance {unknown}
 A - a potion of berserk rage {unknown}


   Skills:
 + Level 6.2 Fighting
 + Level 6.2 Dodging
 - Level 5.0 Stealth
 + Level 6.2 Spellcasting
 + Level 5.2 Conjurations
 + Level 7.0 Ice Magic


You had 10 spell levels left.
You knew the following spells:

 Your Spells              Type           Power      Damage    Failure   Level
a - Freeze                Ice            100%       1d11      1%          1
b - Frozen Ramparts       Ice            92%        1d14      1%          3
c - Ozocubu's Armour      Ice            46%        N/A       1%          3
d - Hailstorm             Conj/Ice       41%        3d10      1%          4

Your spell library contained the following spells:

 Spells                   Type           Power      Damage    Failure   Level
 Shock                    Conj/Air       88%        1d8       1%          1


Dungeon Overview and Level Annotations

Branches:
Dungeon (7/15)             Temple (1/1) D:4          Bailey (1/1)

Altars:
Ashenzari
Cheibriados
Dithmenos
Fedhas
Gozag
Hepliaklqana
Kikubaaqudgha
Nemelex Xobeh
Okawaru
Sif Muna
Uskayaw
Vehumet
Wu Jian
Yredelemnul

Shops:
D:1 =   D:4 =

Annotations:
Bailey Prince Ribbit


Innate Abilities, Weirdness & Mutations

You have a pair of antennae on your head.
You regenerate a little health from kills.
You have an absolutely massive brain. (Int +6, Wiz)


Message History

The helpless vault guard fails to defend itself.
You puncture the vault guard!
The vault guard is poisoned.
The vault guard is lightly wounded.
The vault guard closely misses you.
Casting: Hailstorm (dangerous; 1% risk of failure)
Confirm with . or Enter, or press ? or * to list all spells.
Okay, then.
Okay, then.
Aiming: Paralyse
Press: ? - help, Shift-Dir - straight line, f - vault guard
Aim: a vault guard, wielding a +0 broad axe and wearing a +0 chain mail (lightly wounded, very poisoned, chance to affect: 17%)
Okay, then.
You barely miss the vault guard.
The vault guard is lightly wounded.
The vault guard hits you with a +0 broad axe!
You barely miss the vault guard.
The vault guard is lightly wounded.
The vault guard hits you with a +0 broad axe.
The vault guard hits you with a +0 broad axe!
You hit the vault guard but do no damage.
The vault guard is lightly wounded.
The vault guard hits you with a +0 broad axe.
You hit the vault guard but do no damage.
The vault guard looks even sicker.
The vault guard is lightly wounded.
The vault guard hits you with a +0 broad axe!
You hit the vault guard but do no damage.
The vault guard looks as sick as possible!
The vault guard is lightly wounded.
The vault guard hits you with a +0 broad axe!
The vault guard attacks as you move away!
The vault guard barely misses you.
There is an open door here.
You see here a bullfrog corpse.
The vault guard attacks as you move away!
The vault guard hits you with a +0 broad axe!
* * * LOW HITPOINT WARNING * * *
The vault guard attacks as you move away!
The vault guard hits you with a +0 broad axe!!
You die...

#≈~..≈####)...
#####≈~.≈##≈##..)
##~.!#≈~.)≈≈~≈#...
#~..?#≈~..~~~≈##..
##~..##≈~...~~~≈#.#
#~..~#≈~....~~~≈###
#..~##≈~....~~~≈#
#p###≈~.....~~~≈#
#.@≈≈~....~.~~~≈#
##....~...~.~~≈##
#~~~.......~~≈#
##~~~##'##~~≈##
##~##...##≈##
###.....### #..∩..#
#... #..F


You could see a vault guard (very poisoned).

Vanquished Creatures
  A wraith (D:6)
  A steam dragon (D:6)
  4 humans (Bailey)
  An orc warrior (Bailey)
  3 sky beasts
  A hornet zombie (D:6)
  4 ogres
  A kobold brigand (D:6)
  Blork the orc (D:4)
  12 bullfrogs
  A necrophage (D:6)
  3 scorpions
  2 gnoll sergeants (D:6)
  A water moccasin zombie (D:6)
  9 wights (D:6)
  5 jellies
  2 gnoll boudas
  4 hounds
  5 orc priests
  An iguana (D:5)
  6 orc wizards
  Robin (D:2)
  8 adders
  14 gnolls
  2 white imps
  An ufetubus (D:5)
  2 dart slugs
  22 orcs
  9 ball pythons
  7 endoplasms
  6 giant cockroaches
  16 goblins
  10 hobgoblins
  9 jackals
  9 kobolds
  5 quokkas
  4 bats (D:1)
  6 frilled lizards
  5 rats
204 creatures vanquished.

Vanquished Creatures (collateral kills)
  A wight (D:6)
  An orc (D:6)
2 creatures vanquished.

Grand Total: 206 creatures vanquished

Notes
Turn   | Place    | Note
-------+----------+-------------------------------------------
     0 | D:1      | Ashen the Demonspawn Ice Elementalist began the quest for
                  | the Orb.
     0 | D:1      | Reached XP level 1. HP: 13/13 MP: 3/3
    36 | D:1      | Found a faded altar of an unknown god.
   250 | D:1      | Gained mutation: You have an unusually large brain. (Int
                  | +2) [demonic ancestry]
   250 | D:1      | Reached XP level 2. HP: 9/20 MP: 0/5
   587 | D:1      | Found Zewagiwk's Jewellery Boutique.
  1009 | D:1      | Reached skill level 1 in Fighting
  1052 | D:1      | Reached XP level 3. HP: 26/26 MP: 4/6
  1058 | D:1      | Learned a level 3 spell: Frozen Ramparts
  1144 | D:2      | Noticed Robin
  1740 | D:2      | Killed Robin
  2158 | D:2      | Reached XP level 4. HP: 26/32 MP: 7/7
  2884 | D:3      | Reached skill level 4 in Ice Magic
  3017 | D:3      | Found an ornate altar of the Wu Jian Council.
  3671 | D:4      | Learned a level 3 spell: Ozocubu's Armour
  3735 | D:4      | Noticed Blork the orc
  3886 | D:4      | Noticed a scorpion
  3902 | D:4      | Killed a scorpion
  3903 | D:4      | Gained mutation: You have a pair of small antennae on your
                  | head. [demonic ancestry]
  3903 | D:4      | Reached XP level 5. HP: 38/38 MP: 0/9
  4237 | D:4      | Noticed a sky beast
  4249 | D:4      | Killed a sky beast
  4250 | D:4      | Gained mutation: You regenerate a little health from kills.
                  | [demonic ancestry]
  4250 | D:4      | Reached XP level 6. HP: 26/46 MP: 2/10
  4572 | D:4      | Found Huin's Jewellery Boutique.
  4588 | D:4      | Bought an amulet of magic regeneration for 300 gold pieces
  4709 | D:4      | Reached XP level 7. HP: 43/52 MP: 2/12
  4782 | D:4      | Found a snail-covered altar of Cheibriados.
  4880 | D:4      | Found a staircase to the Ecumenical Temple.
  4971 | Temple   | Entered the Ecumenical Temple
  5019 | Temple   | Became a worshipper of Vehumet
  5181 | D:4      | Killed Blork the orc
  5267 | D:4      | Learned a level 4 spell: Hailstorm
  5268 | D:5      | Entered Level 5 of the Dungeon
  5454 | D:5      | Reached skill level 5 in Ice Magic
  5627 | D:5      | Reached skill level 1 in Conjurations
  5929 | D:6      | Gained mutation: You have a pair of antennae on your head.
                  | [demonic ancestry]
  5929 | D:6      | Reached XP level 8. HP: 60/60 MP: 14/14
  6281 | D:6      | Reached * piety under Vehumet
  6281 | D:6      | Offered knowledge of Foxfire by Vehumet.
  7226 | D:6      | Found an opulent altar of Gozag.
  7275 | D:6      | Reached skill level 5 in Stealth
  7556 | D:6      | Reached skill level 5 in Spellcasting
  7556 | D:6      | Gained mutation: You have an extremely huge brain. (Int +4)
                  | [demonic ancestry]
  7556 | D:6      | Reached XP level 9. HP: 47/66 MP: 16/16
  7647 | D:6      | Found a basalt altar of Yredelemnul.
  7721 | D:6      | Reached skill level 5 in Dodging
  7721 | D:6      | Reached skill level 6 in Ice Magic
  8075 | D:6      | Reached skill level 5 in Fighting
  8595 | D:7      | Offered knowledge of Shock by Vehumet.
  8597 | D:7      | Reached ** piety under Vehumet
  8658 | D:7      | Found a flagged portal.
  8672 | Bailey   | Entered a bailey
  9225 | Bailey   | Reached skill level 5 in Conjurations
  9225 | Bailey   | Gained mutation: You have an absolutely massive brain. (Int
                  | +6, Wiz) [demonic ancestry]
  9225 | Bailey   | Reached XP level 10. HP: 76/76 MP: 19/19
  9242 | Bailey   | Reached skill level 7 in Ice Magic
  9393 | Bailey   | Noticed Prince Ribbit
  9393 | Bailey   | Noticed a vault guard
  9406 | Bailey   | Noticed a vault guard
  9456 | Bailey   | Mangled by a vault guard

Illustrated notes

Levels and vault maps discovered:
D:1:      tarquinn_simple_flora_water_c, layout_basic, serial_shops, shop,
          hellmonk_ecumenical_altar_lost_god
D:2:      layout_basic, minmay_pentomino_t4, uniq_robin
D:3:      layout_rooms, nicolae_wu_jian_wuxing_cycle, grunt_ministairs_15
D:4:      layout_gridville, nicolae_overflow_crystal_walls,
          minmay_temple_entry_antechambers, serial_shops, shop,
          uniq_blork_the_orc
D:5:      layout_cave_pools
D:6:      layout_basic, lemuel_zombie_altar_yredelemnul, minmay_ruined_shrine
D:7:      layout_rooms, general_overflow_altar, enter_bailey_7
Temple:   minmay_temple_bridge_abc
Bailey:   bailey_axe_froggy_fort_hellmonk, bailey

Skill      XL: |  1  2  3  4  5  6  7  8  9 10 |
---------------+-------------------------------+-----
Stealth        | 2 3 4 5 |  5.0
Dodging        | 2 3 4 6 |  6.2
Fighting       | 1 2 3 4 6 |  6.2
Ice Magic      | 4 5 6 7 |  7.0
Spellcasting   | 3 4 5 6 |  6.2
Conjurations   | 1 3 5 |  5.2

Action                   |  1- 3 |  4- 6 |  7- 9 | 10-12 || total
-------------------------+-------+-------+-------+-------++-------
Melee: Whip              |    29 |    29 |    94 |       ||   152
       Punch             |       |       |     2 |       ||     2
       Flail             |       |       |    58 |       ||    58
       Rapier            |       |       |     8 |    27 ||    35
 Cast: Freeze            |    62 |    73 |    95 |       ||   230
       Frozen Ramparts   |       |     6 |    30 |     1 ||    37
       Ozocubu's Armour  |       |     3 |    29 |     1 ||    33
       Hailstorm         |       |       |    13 |     1 ||    14
Evoke: Wand              |       |       |    19 |       ||    19
  Use: Scroll            |       |     8 |     7 |     1 ||    16
       Potion            |       |     1 |       |       ||     1
 Stab: Sleeping          |     4 |     6 |     2 |     2 ||    14
       Paralysed         |       |       |     8 |       ||     8
Armor: Robe              |    18 |       |       |       ||    18
       Animal skin       |     1 |    27 |   109 |     8 ||   145
Dodge: Dodged            |    81 |    66 |   187 |    21 ||   355
Block: Other             |       |    17 |       |       ||    17
